 Dungeon Crawl Stone Soup version 0.30.1-9-gdf580d7c3d (webtiles) character file.

Game seed: 2160526079513528351

697 Qrupt the Sneak (level 7, -19/67 HPs)
             Began as an Octopode Transmuter on Oct 20, 2023.
             Demolished by a shadow (31 damage)
             ... on level 5 of the Dungeon.
             The game lasted 00:11:37 (2804 turns).

Qrupt the Sneak (Octopode Transmuter)               Turns: 2804, Time: 00:11:37

Health: -19/67     AC: 23    Str:  8    XL:     7   Next: 65%
Magic:  12/12      EV:  2    Int: 22    God:
Gold:   242        SH:  3    Dex:  9    Spells: 7/13 levels left

rFire   . . .        b - +2 dagger (drain)
rCold   . . .        s - +0 buckler
rNeg    . . .        (helmet currently unavailable)
rPois   +            p - amulet of regeneration
rElec   .            (no ring)
rCorr   .            (no ring)
SInv    .            (no ring)
Will    .....        (no ring)
Stlth   ++           (no ring)
HPRegen 1.11/turn    (no ring)
MPRegen 0.13/turn    (no ring)
                     (no ring)

%: no passive effects
@: tree-form, hasted, very quick
A: stationary, stasis, torment immunity, boosted hp, almost no armour,
(amphibious), 8 rings, (camouflage 1), (gelatinous body 1), (nimble swimmer 1),
(tentacles), clever 1, clumsy 1, no potion heal 1
a: no special abilities


You were on level 5 of the Dungeon.
You were a tree.
You visited 1 branch of the dungeon, and saw 5 of its levels.

You collected 242 gold pieces.

Inventory:

Hand Weapons
 b - a +2 dagger of draining (weapon)
Armour
 s - a +0 buckler (worn)
Jewellery
 p - an amulet of regeneration (around neck)
Wands
 c - a wand of paralysis (10)
 k - a wand of iceblast (4)
Scrolls
 d - 3 scrolls of fog {unknown}
 e - 6 scrolls of identify {unknown}
 f - a scroll of enchant weapon {unknown}
 g - a scroll of vulnerability {unknown}
 h - a scroll of teleportation {unknown}
 i - 2 scrolls of blinking {unknown}
 j - a scroll of immolation {unknown}
 m - a scroll of enchant armour {unknown}
 n - 2 scrolls of fear {unknown}
 o - a scroll of brand weapon {unknown}
Potions
 a - a potion of lignification
 l - a potion of flight
 q - a potion of curing {unknown}
 r - a potion of degeneration {unknown}
 t - a potion of haste


   Skills:
 + Level 2.8 Fighting
 - Level 2.2 Short Blades
 + Level 3.7 Dodging
 - Level 3.8 Stealth
 + Level 0.0 Shields
 + Level 3.7 Unarmed Combat
 + Level 3.5 Spellcasting
 + Level 3.6 Transmutations
 + Level 2.5 Poison Magic


You had 7 spell levels left.
You knew the following spells:

 Your Spells              Type           Power      Damage    Failure   Level
a - Beastly Appendage     Tmut           38%        N/A       4%          1
b - Wereblood             Tmut           19%        N/A       6%          2
c - Spider Form           Tmut/Pois      17%        N/A       16%         3

Your spell library contained the following spells:

 Spells                   Type           Power      Damage    Failure   Level
 Ensorcelled Hibernation  Hex/Ice        6%         N/A       28%         2
 Inner Flame              Hex/Fire       3%         N/A       50%         3
 Ice Form                 Ice/Tmut       11%        N/A       65%         4
 Anguish                  Hex/Necr       1%         N/A       88%         4
 Yara's Violent Unravell  Hex/Tmut       5%         3d4       94%         5
 Enfeeble                 Hex            1%         N/A       100%        7


Dungeon Overview and Level Annotations

Branches:
Dungeon (5/15)
 Temple: D:4-7

Altars:
Sif Muna


Innate Abilities, Weirdness & Mutations

You are a tree.
Your roots penetrate the ground, keeping you stationary.
You cannot be teleported.
You are immune to unholy pain and torment.
Your maximum health is greatly increased.
You cannot wear most types of armour.
((You are amphibious.))
You can wear up to eight rings at the same time.
((Your skin changes colour to match your surroundings (Stealth+).))
((Your rubbery body absorbs attacks. (AC +1, EV +1)))
((You are camouflaged when in or above water. (Stealth+)))
((You have tentacles for arms and can constrict up to eight enemies at once.))
Your mind is acute. (Int +4, Str/Dex -1)
You are clumsy. (Dex -2)
Potions are less effective at restoring your health.


Message History

Aim: a shadow (severely damaged, about 36% to evade your +2 dagger of draining)
You hit the shadow.
The shadow is almost destroyed.
Hit: b) +2 dagger (drain)
Press: ? - help, Dir - move target, f/p - shadow
Aim: a shadow (almost destroyed, about 36% to evade your +2 dagger of draining)
You barely miss the shadow.
The shadow is almost destroyed.
The shadow hits you.
Hit: b) +2 dagger (drain)
Press: ? - help, Dir - move target, f/p - shadow
Aim: a shadow (almost destroyed, about 36% to evade your +2 dagger of draining)
You hit the shadow.
The shadow is almost destroyed.
The shadow hits you.
Hit: b) +2 dagger (drain)
Press: ? - help, Dir - move target, f/p - shadow
Aim: a shadow (almost destroyed, about 36% to evade your +2 dagger of draining)
You hit the shadow but do no damage.
The shadow is almost destroyed.
Hit: b) +2 dagger (drain)
Press: ? - help, Dir - move target, f/p - shadow
Aim: a shadow (almost destroyed, about 36% to evade your +2 dagger of draining)
You closely miss the shadow.
The shadow is almost destroyed.
The shadow slips into darkness.
The shadow flickers and vanishes!
Deactivating autopickup; reactivate with Ctrl-A.
Hit: b) +2 dagger (drain)
Press: ? - help, Dir - move target, f - you That would be overly suicidal.
Okay, then.
Hit: b) +2 dagger (drain)
Press: ? - help, Dir - move target You hit something but do no damage.
Hit: b) +2 dagger (drain)
Press: ? - help, Dir - move target You closely miss something.
The shadow strikes at you from the darkness!
You die...

............#
####..........# ####
#.............# ....
#.#.##........#
#..#<...+........#
####...####........##
......>......<#.##...#
########.####.#.##...#
...# #.#♣##...#
##..######{##...#
......{...###'##
##.............#
##.#......#####
..#+####.# ..# ....
...###


There were no monsters in sight!

Vanquished Creatures
  Sigmund (D:2)
  2 ogres
  A scorpion (D:4)
  2 hounds (D:4)
  Jessica (D:2)
  2 iguanas (D:4)
  2 orc wizards (D:3)
  4 adders
  4 dart slugs
  6 orcs (D:3)
  2 ball pythons
  4 endoplasms
  6 giant cockroaches
  11 goblins
  6 hobgoblins
  7 jackals
  2 quokkas
  4 bats
  5 frilled lizards (D:1)
  9 kobolds
  2 rats (D:1)
83 creatures vanquished.

Notes
Turn   | Place    | Note
-------+----------+-------------------------------------------
     0 | D:1      | Qrupt the Octopode Transmuter began the quest for the Orb.
     0 | D:1      | Reached XP level 1. HP: 13/13 MP: 3/3
   150 | D:1      | Reached XP level 2. HP: 18/18 MP: 5/5
   421 | D:1      | Reached XP level 3. HP: 23/23 MP: 6/6
   525 | D:2      | Noticed Jessica
   532 | D:2      | Killed Jessica
   533 | D:2      | Reached skill level 1 in Stealth
   563 | D:2      | Reached XP level 4. HP: 15/28 MP: 6/8
   931 | D:2      | Noticed Sigmund
  1136 | D:2      | Reached skill level 1 in Short Blades
  1507 | D:3      | Reached XP level 5. HP: 13/33 MP: 9/9
  1704 | D:3      | Noticed an ogre
  1716 | D:3      | Killed an ogre
  1717 | D:3      | Reached XP level 6. HP: 39/39 MP: 8/10
  1720 | D:3      | Learned a level 2 spell: Wereblood
  1862 | D:2      | Learned a level 3 spell: Spider Form
  1867 | D:2      | Gained mutation: You have hidden genetic defects. [potion
                  | of mutation]
  1867 | D:2      | Gained mutation: Your mind is acute. (Int +4, Str/Dex -1)
                  | [potion of mutation]
  1892 | D:2      | Killed Sigmund
  1893 | D:2      | Reached skill level 1 in Poison Magic
  1896 | D:2      | Gained mutation: Potions are less effective at restoring
                  | your health. [hidden defects]
  2033 | D:4      | Reached XP level 7. HP: 45/45 MP: 9/11
  2084 | D:4      | Gained mutation: You are clumsy. (Dex -2) [hidden defects]
  2084 | D:4      | Lost mutation: You have hidden genetic defects. [hidden
                  | defects expressed]
  2290 | D:4      | Found a shimmering blue altar of Sif Muna.
  2711 | D:5      | Entered Level 5 of the Dungeon
  2752 | D:5      | Noticed a shadow
  2804 | D:5      | Demolished by a shadow

Illustrated notes

Levels and vault maps discovered:
D:1:      kennysheep_arrival_forest, layout_rooms
D:2:      layout_basic, uniq_jessica, uniq_sigmund
D:3:      cheibrodos_helix_gallery, layout_rooms
D:4:      layout_basic, kennysheep_mini_moat
D:5:      layout_basic, minmay_misc_feat_rows

Skill      XL: |  1  2  3  4  5  6  7 |
---------------+----------------------+-----
Stealth        | 1 2 3 |  3.8
Short Blades   | 1 2 |  2.2
Dodging        | 3 |  3.7
Spellcasting   | 3 |  3.5
Fighting       | 2 |  2.8
Transmutations | 3 |  3.6
Poison Magic   | 1 2 |  2.5
Unarmed Combat | |  3.7

Action                     |  1- 3 |  4- 6 |  7- 9 || total
---------------------------+-------+-------+-------++-------
  Melee: Dagger            |    40 |    82 |    83 ||   205
         Unarmed           |     6 |       |       ||     6
         Constrict         |    11 |    18 |     9 ||    38
         Tentacles         |     4 |    11 |    13 ||    28
         Punch             |     1 |     1 |       ||     2
         Kick              |       |     4 |    12 ||    16
   Cast: Beastly Appendage |     2 |     3 |     7 ||    12
  Evoke: Wand              |       |     2 |       ||     2
    Use: Potion            |       |     5 |     2 ||     7
   Stab: Sleeping          |     2 |     7 |     2 ||    11
 Armour: Skin              |     2 |     2 |    13 ||    17
  Dodge: Dodged            |    24 |    45 |    32 ||   101
  Block: Buckler           |       |       |     1 ||     1
